 Dungeon Crawl Stone Soup version 0.31-a0-521-gc7390f8997 (webtiles) character file.

Game seed: 14336901800356146682

1809 Crownlay the Poker (level 8, -1/57 (60) HPs)
             Began as a Demonspawn Gladiator on Aug 10, 2023.
             Was a High Priest of Qazlal.
             Slain by a wight
             ... wielding a +4 great sword of freezing
              (3 damage)
             ... on level 7 of the Dungeon.
             The game lasted 00:11:01 (4877 turns).

Crownlay the Poker (Demonspawn Gladiator)           Turns: 4877, Time: 00:11:02

HP:   -1/57 (60)    AC: 12    Str: 16    XL:     8   Next: 84%
MP:   13/13         EV: 12    Int: 10    God:    Qazlal [*****.]
Gold: 300           SH: 10    Dex: 15    Spells: 7/7 levels left

rFire   . . .        g - +2 spear (flame)
rCold   + . .        (no shield)
rNeg    . . .        b - +0 leather armour
rPois   +            c - +0 helmet
rElec   .            v - +1 cloak
rCorr   .            i - +0 pair of gloves
SInv    .            F - +0 pair of boots
Will    .....        (no amulet)
Stlth   +            D - ring of poison resistance
HPRegen 0.29/turn    (no ring)
MPRegen 0.13/turn

%: repel missiles
@: protected from cold, studying Invocations, drained
A: icemail 1, condensation shield, weakness stinger 1
a: Renounce Religion, Upheaval, Elemental Force, Disaster Area


You were on level 7 of the Dungeon.
You worshipped Qazlal.
Qazlal was extremely pleased with you.
You visited 1 branch of the dungeon, and saw 7 of its levels.
You also visited: Sewer.

You collected 300 gold pieces.

Inventory:

Hand Weapons
 g - a +2 spear of flaming (weapon)
Missiles
 d - 2 throwing nets (quivered)
 e - a javelin
Armour
 b - a +0 leather armour (worn)
 c - a +0 helmet (worn)
 i - a +0 pair of gloves (worn)
 v - a +1 cloak (worn)
 x - a +2 scale mail of cold resistance
 F - a +0 pair of boots (worn)
Jewellery
 B - a ring of fire
 D - a ring of poison resistance (left hand)
Talismans
 r - a beast talisman
 z - a beast talisman
Wands
 A - a wand of polymorph (10)
Scrolls
 a - a scroll of amnesia
 f - a scroll of identify
 k - 2 scrolls of enchant weapon
 l - a scroll of silence
 m - 2 scrolls of poison
 t - a scroll of blinking
 u - a scroll of enchant armour
 y - a scroll of vulnerability
 C - a scroll of teleportation
Potions
 h - a potion of cancellation {unknown}
 j - 2 potions of ambrosia
 n - a potion of berserk rage {unknown}
 o - 3 potions of lignification
 p - 2 potions of attraction {unknown}
 q - a potion of haste {unknown}
 s - a potion of curing
 w - a potion of enlightenment {unknown}
 E - a potion of invisibility {unknown}


   Skills:
 + Level 3.9 Fighting
 * Level 7.6 Polearms
 - Level 1.7 Throwing
 + Level 0.7 Armour
 - Level 2.6 Dodging
 + Level 4.6 Shields
 + Level 7.0 Invocations


You had 7 spell levels left.
You didn't know any spells.
Your spell library contained the following spells:

 Spells                   Type           Power      Damage    Failure   Level
 Apportation              Tloc           0%         N/A       43%         1
 Magic Dart               Conj           0%         1d3       43%         1
 Sting                    Tmut/Pois      0%         1d3       43%         1
 Call Imp                 Summ           0%         N/A       56%         2
 Poisonous Vapours        Pois/Air       0%         N/A       56%         2
 Mephitic Cloud           Conj/Pois/Air  0%         N/A       80%         3
 Olgreb's Toxic Radiance  Pois           0%         N/A       99%         4
 Alistair's Intoxication  Tmut/Pois      0%         N/A       100%        5


Dungeon Overview and Level Annotations

Branches:
Dungeon (7/15)             Temple (0/1) D:5           Sewer (visited)

Altars:
Ashenzari
Fedhas
Okawaru
Qazlal


Innate Abilities, Weirdness & Mutations

A meltable icy envelope protects you from harm. (AC +4)
A meltable shield of frost defends you. (SH +4)
You have a small tail.


Message History

You destroy the wight!
Qazlal accepts your kill.
Your Invocations skill increases to level 7!
You hit the wight. You burn the wight. You tail-slap the wight.
The wight is heavily damaged.
The wight hits you with a +4 great sword of freezing!
The wight freezes you.
You are too injured to fight recklessly!
You are too injured to fight recklessly!
You are too injured to fight recklessly!
You are too injured to fight recklessly!
You block the wight's attack.
Items here: )) [[.
You closely miss the wight.
The wight is moderately damaged.
You block the wight's attack.
You hit the wight but do no damage.
The wight is moderately damaged.
You hit the wight but do no damage.
The wight is moderately damaged.
You block the wight's attack.
You barely miss the wight.
The wight is moderately damaged.
The wight barely misses you.
You barely miss the wight.
The wight is moderately damaged.
The wight hits you with a +4 great sword of freezing!
* * * LOW HITPOINT WARNING * * *
You feel drained.
* * * LOW HITPOINT WARNING * * *
The wight freezes you.
* * * LOW HITPOINT WARNING * * *
You hit the wight but do no damage.
The wight is moderately damaged.
You feel better.
The wight hits you with a +4 great sword of freezing!
* * * LOW HITPOINT WARNING * * *
You feel more protected from cold. The wight freezes you.
You die...

##'##### #......#
#..###.# #..###.#
##...##.######.#
#..............#
##........######
########§°##..#.#
.....zz@.§##..#.#
#######§.>....#.#
##..#####.# #..#
.# #..# .# #...
##.## #.# #.#


You could see 2 wights.

Vanquished Creatures
  Grinder (D:4)
  Sigmund (D:5)
  2 water moccasins
  2 phantoms (D:5)
  2 bullfrogs (Sewer)
  A scorpion (D:6)
  2 wights (D:7)
  A jelly (D:5)
  3 quasits (D:5)
  A gnoll bouda (D:5)
  3 hounds
  A sleepcap (D:6)
  Jessica (D:3)
  2 iguanas
  Terence (D:3)
  3 orc wizards
  Robin (D:3)
  8 gnolls (D:5)
  6 adders
  2 shadow imps
  7 ufetubi
  A worm (D:5)
  2 dart slugs
  13 orcs
  19 ball pythons
  9 bats
  18 endoplasms
  16 giant cockroaches
  12 goblins
  10 hobgoblins
  11 jackals
  16 quokkas
  3 frilled lizards
  4 kobolds
  5 rats
190 creatures vanquished.

Notes
Turn   | Place    | Note
-------+----------+-------------------------------------------
     0 | D:1      | Crownlay the Demonspawn Gladiator began the quest for the
                  | Orb.
     0 | D:1      | Reached XP level 1. HP: 16/16 MP: 1/1
    37 | D:1      | Found a faded altar of an unknown god.
    50 | D:1      | Gained mutation: A meltable shield of frost defends you.
                  | (SH +4) [demonic ancestry]
    50 | D:1      | Reached XP level 2. HP: 22/22 MP: 2/2
    53 | D:1      | Prayed at the altar of an unknown god.
    53 | D:1      | Became a worshipper of Qazlal Stormbringer
    53 | D:1      | Reached * piety under Qazlal
   194 | D:1      | Reached skill level 1 in Shields
   291 | D:1      | Reached skill level 1 in Invocations
   400 | D:1      | Reached XP level 3. HP: 20/27 MP: 3/3
   792 | D:2      | Reached ** piety under Qazlal
  1064 | D:2      | Found an iron altar of Okawaru.
  1279 | D:3      | Noticed Robin
  1281 | D:3      | Reached XP level 4. HP: 33/33 MP: 5/5
  1311 | D:3      | Killed Robin
  1457 | D:3      | Noticed a water moccasin
  1468 | D:3      | Killed a water moccasin
  1469 | D:3      | Gained mutation: You have a small tail. [demonic ancestry]
  1469 | D:3      | Reached XP level 5. HP: 8/38 MP: 5/7
  1498 | D:3      | Found a glowing drain.
  1524 | Sewer    | Entered a sewer
  1628 | Sewer    | Reached *** piety under Qazlal
  1906 | Sewer    | Gained mutation: A meltable icy envelope protects you from
                  | harm. (AC +4) [demonic ancestry]
  1906 | Sewer    | Reached XP level 6. HP: 40/44 MP: 8/8
  1958 | Sewer    | Reached skill level 5 in Polearms
  2067 | D:3      | Noticed Jessica
  2077 | D:3      | Killed Jessica
  2383 | D:3      | Noticed Terence
  2397 | D:3      | Killed Terence
  2525 | D:4      | You fall into a shaft and drop 1 floor!
  2525 | D:5      | Entered Level 5 of the Dungeon
  2555 | D:5      | Noticed Sigmund
  2567 | D:5      | Reached XP level 7. HP: 43/50 MP: 10/10
  2571 | D:5      | Reached **** piety under Qazlal
  2764 | D:5      | Reached skill level 5 in Invocations
  3038 | D:5      | Found a staircase to the Ecumenical Temple.
  3084 | D:5      | Killed Sigmund
  3085 | D:5      | Reached XP level 8. HP: 56/58 MP: 12/12
  3430 | D:4      | Found a broken altar of Ashenzari.
  3679 | D:4      | Noticed Grinder
  3686 | D:4      | Reached ***** piety under Qazlal
  3687 | D:4      | Paralysed by Grinder for 4 turns
  3694 | D:4      | Killed Grinder
  4539 | D:6      | Found a blossoming altar of Fedhas.
  4814 | D:7      | Identified a scroll of acquirement
  4816 | D:7      | Acquired a manual of Invocations
  4877 | D:7      | HP: 2/57 [wight/+4 great sword of freezing (14)]
  4877 | D:7      | Slain by a wight

Illustrated notes

Levels and vault maps discovered:
D:1:      amcnicky_arrival_gap_in_the_tavern_cellar, layout_rooms,
          basic_ecumenical_altar, due_unseen_surprise
D:2:      layout_loops_ring, basic_altar
D:3:      layout_loops_ring, portal_sewer_entry_b, uniq_jessica, uniq_robin,
          uniq_terence
D:4:      layout_basic, lemuel_tele_altar, grunt_decor_mini_mirrors,
          reono_crystal_passage, uniq_grinder
D:5:      layout_basic, temple_doors_e, serial_demonic, serial_demonic_b,
          serial_demonic_e, serial_demonic_a, serial_demonic_f, uniq_sigmund
D:6:      layout_loops_ring, lemuel_round_altar
D:7:      layout_loops_corners, enter_bailey_4, minmay_between

Skill      XL: |  1  2  3  4  5  6  7  8 |
---------------+-------------------------+-----
Polearms       | 3 4 5 6 7 |  7.6
Shields        | 1 2 3 4 |  4.6
Invocations    | 1 3 4 5 7 |  7.0
Fighting       | 3 |  3.9
Throwing       | |  1.7
Armour         | |  0.7
Dodging        | |  2.6

Action                     |  1- 3 |  4- 6 |  7- 9 || total
---------------------------+-------+-------+-------++-------
  Melee: Trident           |   116 |   313 |   106 ||   535
         Punch             |     2 |     2 |     4 ||     8
         Tailslap          |       |    23 |    36 ||    59
         Spear             |       |       |   170 ||   170
  Throw: Throwing net      |       |     2 |       ||     2
    Use: Scroll            |     6 |     1 |     7 ||    14
         Potion            |       |     1 |     3 ||     4
   Stab: Held in net/web   |       |     4 |       ||     4
 Armour: Leather armour    |    29 |    99 |   107 ||   235
  Dodge: Dodged            |    37 |   159 |   140 ||   336
         Repelled          |       |       |     1 ||     1
  Block: Other             |    22 |   121 |   126 ||   269

Table legend: (Time is in decaauts)
 A = Elapsed time spent in this place.
 B = Non-inter-level travel time spent in this place.
 C = Inter-level travel time spent in this place.
 D = Time resting spent in this place.
 E = Time spent auto-exploring this place.
 F = Levels seen in this place.
 G = Mean time per level.
                   A        B        C        D        E       F      G
               +--------+--------+--------+--------+--------+-----+--------+
         Total |   4937 |   4764 |    173 |     25 |   3356 |   8 |  617.1 |
       Dungeon |   4361 |   4188 |    173 |     25 |   3067 |   7 |  623.0 |
         Sewer |    576 |    576 |      0 |      0 |    288 |   1 |  576.0 |
               +--------+--------+--------+--------+--------+-----+--------+

Top non-repeatable levels by time:
     D:4: 911 daAuts
     D:5: 805 daAuts
     D:2: 774 daAuts
     D:3: 725 daAuts
   Sewer: 576 daAuts
     D:6: 556 daAuts
     D:1: 528 daAuts
     D:7: 59 daAuts
